Map: [ESL] Data-C

Players

LiquidElazer (Elazer)

  • Race: Zerg Zerg
  • Spawn Location: 3:00

Zoun - Winner!

  • Race: Protoss Protoss
  • Spawn Location: 9:00

Event: HomeStory Cup XXI

VOD

Have the link to the VOD?

Description

Time

  • Played on: July 23, 2022, 6:06 p.m.
  • Length: 11:01

All games in this series

Show
View Real Time Build Order
Export as new Build Order

LiquidElazer Zerg 

Build Orders: Hatch First 

Get SALT Encoding   

  12  0:00  Drone  
  13  0:12  Overlord  
  13  0:17  Drone  
  14  0:31  Drone x2  
  16  0:48  Hatchery  
  15  0:52  Drone  
  15  0:56  Drone  
  17  0:59  Drone  
  18  1:11  Extractor  
  18  1:15  Spawning Pool  
  18  1:18  Drone  
  17  1:22  Drone  
  18  1:28  Drone  
  19  1:39  Drone  
  20  1:49  Overlord  
  20  2:01  Queen x2  
  20  2:02  Drone  
  20  2:03  Zergling x2  
  26  2:12  Drone x2  
  26  2:13  Metabolic Boost  
  28  2:22  Zergling x2  
  29  2:23  Drone  
  30  2:32  Drone  
  30  2:33  Drone  
  32  2:39  Queen  
  32  2:44  Overlord  
  34  2:45  Drone  
  35  2:54  Hatchery  
  35  2:58  Drone  
  35  2:59  Drone  
  35  3:05  Queen  
  38  3:11  Drone x3  
  38  3:12  Drone  
  42  3:19  Queen  
  44  3:22  Overlord  
  44  3:26  Overlord  
  44  3:36  Spore Crawler  
  44  3:37  Drone  
  44  3:40  Drone x2  
  44  3:41  Drone  
  47  3:42  Queen  
  47  3:45  Zergling x4  
  51  3:49  Zergling x6  
  54  3:56  Drone x3  
  54  4:00  Queen  
  59  4:05  Drone  
  59  4:06  Drone  
  59  4:07  Overlord  
  61  4:12  Queen  
  61  4:15  Drone x2  
  65  4:19  Drone  
  63  4:25  Drone x4  
  63  4:28  Drone x3  
  69  4:34  Overlord  
  69  4:36  Drone  
  70  4:40  Extractor, Drone x2  
  70  4:41  Roach Warren  
  70  4:42  Drone  
  70  4:44  Drone  
  70  4:45  Drone  
  73  4:53  Drone x3  
  73  4:56  Extractor  
  73  4:58  Overlord  
  75  5:01  Overlord  
  75  5:03  Drone x3  
  78  5:07  Overlord  
  78  5:09  Drone x4  
  78  5:11  Overlord  
  82  5:19  Extractor  
  82  5:20  Overlord  
  81  5:24  Drone x4  
  81  5:27  Overlord  
  81  5:28  Hatchery  
  84  5:31  Lair  
  84  5:34  Extractor  
  84  5:35  Drone x3  
  85  5:38  Roach x2, Extractor  
  92  5:42  Roach  
  92  5:43  Roach  
  92  5:46  Drone x3  
  95  5:50  Zergling x8  
  98  5:59  Overlord  
  98  6:00  Ravager x2  
  98  6:01  Roach x4  
  98  6:03  Ravager x2  
  110  6:06  Overlord  
  110  6:09  Overlord  
  110  6:10  Roach  
  110  6:11  Roach x2  
  116  6:14  Spore Crawler  
  116  6:17  Overlord  
  115  6:21  Queen  
  115  6:23  Overlord  
  117  6:27  Overlord  
  117  6:28  Glial Reconstitution  
  117  6:30  Roach x3  
  123  6:33  Drone x3  
  123  6:37  Evolution Chamber  
  125  6:49  Zergling x20  
  125  6:51  Baneling Nest  
  125  6:52  Ravager x2  
  125  6:54  Zergling x6  
  139  6:57  Overseer  
  139  7:00  Zergling x2  
  139  7:01  Zergling x2  
  134  7:16  Zerg Missile Weapons Level 1  
  134  7:18  Zergling x12  
  134  7:19  Zergling x8  
  139  7:29  Roach  
  145  7:30  Roach x3  
  145  7:33  Drone x3  
  143  7:50  Roach x5  
  149  7:56  Overlord x2  
  145  7:58  Roach  
  145  7:59  Roach x2  
  145  8:05  Ravager x3  
  150  8:06  Roach  
  150  8:09  Roach  
  150  8:10  Roach x2, Overlord x2  
  138  8:23  Roach x10  
  146  8:29  Centrifugal Hooks  
  146  8:33  Roach x7  
  146  8:43  Roach x6  
  157  8:48  Roach x4  
  147  8:57  Roach x4, Queen  
  142  9:04  Ravager x3  
  135  9:10  Roach x4  
  135  9:13  Roach  
  135  9:14  Roach x4  
  135  9:15  Ravager x3  
  150  9:20  Roach x2  
  150  9:23  Roach  
  150  9:24  Roach  
  139  9:28  Roach x3  
  137  9:33  Ravager x3  
  137  9:35  Roach  
  133  9:46  Roach  
  133  9:47  Roach x5  
  133  9:51  Zergling x2  
  133  9:52  Zergling x8  
  145  9:56  Ravager  
  142  10:03  Roach  
  142  10:04  Roach x3  
  143  10:07  Ravager  
  143  10:09  Roach x2, Zergling x6  
  147  10:15  Zergling x4  
  139  10:22  Ravager x2  
  139  10:23  Zergling x6  
  144  10:31  Zergling x8  
  144  10:42  Roach x3  
Show
View Real Time Build Order
Export as new Build Order

Zoun Protoss - Winner!

Build Orders: 1 Gate Expand, Oracle Opening 

Get SALT Encoding   

  12  0:00  Probe  
  13  0:12  Probe  
  14  0:19  Pylon  
  14  0:24  Probe  
  15  0:37  Probe (Chrono Boost)  
  15  0:41  Gateway  
  16  0:47  Probe (Chrono Boost)  
  17  0:50  Assimilator  
  17  0:52  Probe (Chrono Boost)  
  18  1:04  Probe  
  19  1:16  Probe  
  20  1:27  Nexus  
  20  1:39  Cybernetics Core  
  20  1:40  Probe  
  21  1:48  Assimilator  
  21  1:52  Probe  
  22  1:56  Pylon  
  22  2:04  Probe  
  23  2:12  Adept (Chrono Boost)  
  25  2:17  Probe  
  25  2:19  Stargate  
  26  2:27  Warp Gate  
  26  2:29  Probe  
  27  2:36  Stalker  
  29  2:38  Probe (Chrono Boost)  
  31  2:44  Probe (Chrono Boost)  
  31  2:50  Probe (Chrono Boost)  
  32  2:52  Probe (Chrono Boost)  
  32  2:55  Probe (Chrono Boost)  
  32  2:58  Probe  
  34  3:02  Oracle (Chrono Boost)  
  34  3:05  Probe  
  39  3:10  Probe  
  40  3:18  Pylon  
  40  3:19  Probe  
  41  3:30  Gateway  
  41  3:31  Adept  
  43  3:34  Probe x2  
  43  3:35  Oracle (Chrono Boost)  
  48  3:48  Probe  
  49  3:56  Nexus  
  49  3:57  Probe  
  49  3:58  Pylon  
  50  4:06  Twilight Council  
  50  4:07  Probe  
  50  4:08  Assimilator  
  51  4:11  Assimilator  
  51  4:13  Probe  
  52  4:19  Probe  
  53  4:25  Zealot x2  
  53  4:28  Probe  
  57  4:37  Probe, Gateway  
  58  4:38  Blink (Chrono Boost)  
  58  4:40  Probe, Gateway  
  58  4:41  Pylon  
  59  4:50  Probe  
  60  4:58  Probe  
  60  4:59  Gateway x2  
  61  5:02  Probe  
  62  5:08  Stalker x2  
  62  5:09  Probe  
  62  5:11  Probe  
  68  5:16  Probe (Chrono Boost)  
  69  5:22  Gateway  
  69  5:23  Gateway  
  69  5:26  Probe (Chrono Boost)  
  71  5:31  Shield Battery  
  71  5:32  Probe (Chrono Boost)  
  72  5:36  Probe (Chrono Boost)  
  72  5:38  Probe (Chrono Boost)  
  72  5:40  Probe (Chrono Boost)  
  72  5:42  Stalker x2  
  78  5:45  Stalker  
  78  5:48  Stalker  
  82  5:56  Stalker  
  84  5:58  Pylon  
  84  6:05  Pylon  
  84  6:10  Pylon  
  84  6:20  Stalker x4  
  84  6:23  Pylon  
  92  6:28  Stalker x4  
  100  6:36  Gateway  
  100  6:39  Probe x3  
  103  6:46  Stalker x3  
  109  6:54  Stalker  
  109  6:55  Stalker x2  
  115  7:05  Stalker  
  117  7:10  Pylon  
  117  7:30  Stalker x4  
  117  7:33  Pylon  
  117  7:35  Pylon  
  117  7:36  Probe x2  
  125  7:42  Stalker  
  125  7:51  Probe x3, Assimilator  
  125  7:53  Assimilator  
  125  7:56  Stalker x2  
  125  7:57  Stalker x4  
  140  8:03  Probe  
  140  8:04  Probe x2  
  140  8:05  Stalker  
  141  8:15  Probe  
  134  8:20  Pylon  
  134  8:22  Stalker x2  
  134  8:23  Stalker x4, Pylon  
  130  8:36  Stalker x3  
  128  8:49  Nexus  
  128  8:50  Pylon  
  128  8:52  Stalker x4  
  131  8:58  Stalker x2  
  133  9:05  Stalker x2  
  133  9:12  Stalker  
  127  9:19  Stalker x3  
  129  9:29  Stalker x2  
  129  9:30  Stalker x2  
  135  9:37  Robotics Facility  
  133  9:46  Stalker x4  
  135  9:54  Stalker x2  
  139  10:05  Stalker x3, Pylon  
  139  10:18  Stalker x3  
  139  10:19  Stalker  
  139  10:21  Probe  
  146  10:22  Probe  
  146  10:28  Observer  
  148  10:30  Robotics Bay  
  148  10:32  Forge  
  146  10:44  Stalker x2  
  146  10:45  Stalker  
  141  10:54  Stalker x4  
  141  10:55  Stalker x2  
Tags
 
Add a new tag
Caveats
  • Supply blocks, unpowered buildings, or Contaminate may cause inaccurate times.
  • Supply counts are checked every 10 seconds.